 Dungeon Crawl Stone Soup version 0.28-a0-1560-g060a6a1bfc (webtiles) character file.

Game seed: 7099970003509377600

17243 Nattfarinn the Spear-Bearer (level 12, -5/80 HPs)
             Began as a Gargoyle Fighter on Jan 19, 2022.
             Was a High Priest of Okawaru.
             Slain by a skeletal warrior (7 damage)
             ... led by a death knight
             ... on level 12 of the Dungeon.
             The game lasted 00:18:50 (12450 turns).

Nattfarinn the Spear-Bearer (Gargoyle Fighter)     Turns: 12450, Time: 00:18:51

Health: -5/80      AC: 28    Str: 23    XL:     12   Next: 46%
Magic:  18/18      EV: 14    Int: 20    God:    Okawaru [*****.]
Gold:   659        SH:  9    Dex:  9    Spells: 11/11 levels left

rFire   + . .      SeeInvis .   d - +9 lance "Wyrmbane" {slay drac, rPois rF+ rC+ AC+3}
rCold   + . .      Faith    .   c - +0 buckler
rNeg    + . .      Spirit   .   x - +5 acid dragon scales
rPois   ∞          Reflect  +   E - +2 hat {Int+3}
rElec   +          Harm     .   B - +0 cloak
rCorr   +          Rampage  .   (no gloves)
Will    .....                   e - +0 pair of boots
Stlth   +.........              q - amulet of reflection
HPRegen 0.23/turn               n - +6 ring of intelligence
MPRegen 0.16/turn               K - +4 ring of evasion

@: about to teleport, slowed, very slow
A: sickness immunity, AC +8, negative energy resistance 1, electricity
resistance, torment resistance 1, petrification resistance
a: Renounce Religion, Heroism, Finesse, Duel


You were on level 12 of the Dungeon.
You worshipped Okawaru.
Okawaru was extremely pleased with you.
You visited 2 branches of the dungeon, and saw 13 of its levels.

You collected 719 gold pieces.
You spent 60 gold pieces at shops.

Inventory:

Hand Weapons
 d - the +9 lance "Wyrmbane" (weapon) {slay drac, rPois rF+ rC+ AC+3}
   (You took it off Maggie on level 6 of the Dungeon)

   It inflicts extra damage against dragons and draconians.
   AC:        It affects your AC (+3).
   rF:        It protects you from fire.
   rC:        It protects you from cold.
   rPois:     It protects you from poison.
 j - the +6 whip of True Grit {speed, rElec}
   (You found it on level 2 of the Dungeon)

   Attacks with this weapon are significantly faster.
   rElec:     It insulates you from electricity.
Armour
 c - a +0 buckler (worn)
 e - a +0 pair of boots (worn)
 x - +5 acid dragon scales (worn)
 B - a +0 cloak (worn)
 E - a +2 hat of intelligence (worn)
 I - the +1 ring mail of the Iron City of Dis {Will+++ MP+9 Str-2 Dex-4}
   (You found it on level 10 of the Dungeon)

   Str:       It affects your strength (-2).
   Dex:       It affects your dexterity (-4).
   MP:        It affects your magic capacity (+9).
   Will:      It greatly increases your willpower.
Jewellery
 n - a +6 ring of intelligence (left hand)
 q - an amulet of reflection (around neck)
 r - an amulet of magic regeneration
 s - an amulet of guardian spirit
 F - an amulet of faith
 K - a +4 ring of evasion (right hand)
Wands
 a - a wand of polymorph (4)
 u - a wand of digging (11)
 z - a wand of iceblast (10)
 C - a wand of flame (11)
 L - a wand of mindburst (11)
Scrolls
 b - a scroll of identify
 g - 4 scrolls of amnesia
 i - 2 scrolls of silence
 k - a scroll of holy word {unknown}
 l - 5 scrolls of teleportation
 v - 4 scrolls of magic mapping
 y - a scroll of immolation {unknown}
 A - 2 scrolls of vulnerability
 D - a scroll of fear {unknown}
 G - a scroll of summoning {unknown}
 H - a scroll of torment {unknown}
 M - a scroll of enchant weapon {unknown}
Potions
 f - 4 potions of curing
 h - 4 potions of heal wounds
 m - 2 potions of mutation
 o - a potion of degeneration {unknown}
 p - a potion of haste {unknown}
 t - 2 potions of invisibility
 w - a potion of lignification {unknown}
 J - a potion of attraction {unknown}
 N - 2 potions of flight


   Skills:
 - Level 11.1 Fighting
 - Level 2.7(9.5) Axes
 - Level 8.4(8.7) Maces & Flails
 - Level 11.8(12.0) Polearms
 - Level 3.8 Armour
 - Level 3.8 Shields
 * Level 8.8 Invocations


You had 11 spell levels left.
You didn't know any spells.
Your spell library contained the following spells:

 Spells                   Type           Power      Damage    Failure   Level
 Ensorcelled Hibernation  Hex/Ice        0%         N/A       43%         2
 Portal Projectile        Hex/Tloc       0%         N/A       67%         3
 Spider Form              Tmut/Pois      0%         N/A       67%         3
 Anguish                  Hex/Necr       0%         N/A       97%         4
 Leda's Liquefaction      Hex/Erth       0%         N/A       97%         4
 Iskenderun's Battlesphe  Conj           0%         2d6       100%        5
 Dispersal                Tloc           0%         N/A       100%        6
 Iron Shot                Conj/Erth      0%         9d1       100%        6
 Disjunction              Tloc           0%         N/A       100%        8
 Call Canine Familiar     Summ           Unusable   N/A       N/A         3
 Spellforged Servitor     Conj/Summ      Unusable   N/A       N/A         7

Dungeon Overview and Level Annotations

Branches:
Dungeon (12/15)            Temple (1/1) D:7            Lair (0/6) D:8
    Orc (0/2) D:9

Altars:
Ashenzari
Cheibriados
Dithmenos
Elyvilon
Fedhas
Gozag
Hepliaklqana
Kikubaaqudgha
Makhleb
Nemelex Xobeh
Okawaru
Qazlal
Ru
Sif Muna
Trog
Uskayaw
Vehumet
Wu Jian
Xom
Yredelemnul
Zin
The Shining One
Jiyva

Shops:
D:6 *[   D:7 !

Annotations:
D:9 1 runed translucent door, flinch's ghost, novice DsCj


Innate Abilities, Weirdness & Mutations

You are immune to sickness and miasma.
Your stone body is resilient. (AC +8)
You are immune to poison.
You resist negative energy. (rN+)
You are resistant to electric shocks. (rElec)
You are resistant to unholy torment.
You are immune to petrification.


Message History

The freezing wraith hits you but does no damage. x2
You block the skeletal warrior's attack.
You hit the freezing wraith but do no damage.
The freezing wraith is heavily damaged.
The freezing wraith hits you but does no damage.
The freezing wraith hits you. The freezing wraith drains your vigour!
You feel as though you will be slow longer.
You block the skeletal warrior's attack.
You puncture the death knight!
The death knight is lightly wounded.
The death knight reflects your damage back at you!
The skeletal warrior hits you but does no damage.
You puncture the freezing wraith!
The freezing wraith is severely damaged.
You hit the freezing wraith.
The freezing wraith is almost destroyed.
The death knight's dark mirror aura disappears.
The freezing wraith hits you! The freezing wraith freezes you! You resist.
The freezing wraith barely misses you.
The skeletal warrior hits you with a +0 war axe!
* * * LOW HITPOINT WARNING * * *
The death knight hits you but does no damage.
The freezing wraith closely misses you. The freezing wraith hits you!
* * * LOW HITPOINT WARNING * * *
The freezing wraith drains your vigour!
You feel as though you will be slow longer.
Unknown command.
Unknown command.
Unknown command.
As you read the scroll of teleportation, it crumbles to dust.
You feel strangely unstable. The freezing wraith hits you.
* * * LOW HITPOINT WARNING * * *
The freezing wraith freezes you! You resist.
* * * LOW HITPOINT WARNING * * *
The freezing wraith closely misses you.
The freezing wraith hits you but does no damage.
You block the freezing wraith's attack. x2
The freezing wraith barely misses you.
The skeletal warrior hits you with a +0 war axe!
You die...

#.........+......#.#.
#..#......######.#.#.
#.......###....###.#.
#.....#.'.'....'.#.#.
#..#..#.#.#....###.#.
#.....#.#.#....# #.#.
#.......#.#....# #.#.
#.......#.#.>..# #.#.
#..W@W..#.#....# #...
#..Wpz..#.#....# #...
#.......#.#....# #...
#.......#.#....# #...
#.#.....#.###### #...
#.......#.# #...
#.......#.# #...
.......### #... ....


You could see a death knight, a skeletal warrior and 3 freezing wraiths.

Vanquished Creatures
  Jorgrun (D:12)
  Gastronok (D:8)
  A hydra (D:12)
  A boulder beetle (D:12)
  3 two-headed ogres
  A tengu warrior (D:11)
  An ugly thing (D:12)
  2 manticores (D:11)
  An unseen horror (D:12)
  Maggie (D:6)
  A troll (D:12)
  A hornet (D:7)
  4 slime creatures (D:12)
  A wraith (D:11)
  Sigmund (D:6)
  2 wyverns
  4 shadows
  15 yaks
  A basilisk (D:8)
  2 steam dragons
  3 acid dragons
  5 water moccasins
  2 orc warriors (D:8)
  A sky beast (D:5)
  A necrophage (D:4)
  4 centaurs
  2 phantoms
  A kobold brigand (D:8)
  A bullfrog (D:7)
  5 scorpions
  A wyvern zombie (D:8)
  3 gnoll sergeants
  A water moccasin zombie (D:5)
  5 wights
  13 killer bees
  A lava snake (D:9)
  3 centaur zombies
  3 jellies
  2 orc priests
  A centaur skeleton (D:6)
  9 hounds
  Jessica (D:2)
  4 iguanas
  6 orc wizards
  Ijyb (D:4)
  A scorpion zombie (D:3)
  8 ogre zombies (D:9)
  A hound skeleton (D:4)
  A howler monkey zombie (D:9)
  23 gnolls
  5 adders
  2 white imps
  2 ufetubi
  An adder skeleton (D:5)
  3 worms
  A dart slug (D:4)
  23 orcs
  10 endoplasms
  4 giant cockroaches
  5 goblins
  12 hobgoblins
  5 jackals (D:2)
  13 kobolds
  10 quokkas
  3 ball pythons (D:1)
  5 bats
  3 frilled lizards
  2 goblin skeletons (D:9)
  A goblin zombie (D:9)
  3 hobgoblin skeletons (D:9)
  4 hobgoblin zombies (D:9)
  3 orc skeletons (D:9)
  12 orc zombies (D:9)
  6 rats
296 creatures vanquished.

Vanquished Creatures (others)
  A kobold (D:8)
  3 fungi (D:8)
  11 plants (D:8)
  2 withered plants (D:9)
17 creatures vanquished.

Grand Total: 313 creatures vanquished

Notes
Turn   | Place    | Note
-------+----------+-------------------------------------------
     0 | D:1      | Nattfarinn the Gargoyle Fighter began the quest for the
                  | Orb.
     0 | D:1      | Reached XP level 1. HP: 14/14 MP: 1/1
   212 | D:1      | Reached XP level 2. HP: 15/19 MP: 2/2
   595 | D:1      | Reached XP level 3. HP: 18/23 MP: 3/3
   961 | D:2      | Identified the +6 whip of True Grit {speed, rElec}
  1062 | D:2      | Noticed Jessica
  1067 | D:2      | Killed Jessica
  1068 | D:2      | Reached XP level 4. HP: 29/29 MP: 4/4
  1298 | D:2      | Reached skill level 1 in Maces & Flails
  1997 | D:3      | Reached XP level 5. HP: 33/33 MP: 5/5
  2112 | D:3      | Found a faded altar of an unknown god.
  2670 | D:4      | Reached XP level 6. HP: 33/39 MP: 6/6
  2798 | D:4      | Reached skill level 5 in Fighting
  2824 | D:4      | Noticed a necrophage
  2835 | D:4      | Killed a necrophage
  2836 | D:4      | Reached XP level 7. HP: 44/44 MP: 7/7
  2959 | D:4      | Reached skill level 5 in Maces & Flails
  3010 | D:4      | Noticed Ijyb
  3020 | D:4      | Killed Ijyb
  3127 | D:4      | Found a shadowy altar of Dithmenos.
  3428 | D:4      | Found a glowing golden altar of the Shining One.
  3482 | D:4      | Found a faded altar of an unknown god.
  3482 | D:4      | Found a faded altar of an unknown god.
  3490 | D:4      | Found a glowing silver altar of Zin.
  3492 | D:4      | Found an ornate altar of the Wu Jian Council.
  3494 | D:4      | Found a burning altar of Makhleb.
  3541 | D:5      | Entered Level 5 of the Dungeon
  3910 | D:5      | Reached XP level 8. HP: 43/51 MP: 8/8
  4253 | D:5      | Found a radiant altar of Vehumet.
  4405 | D:6      | Noticed Maggie
  4852 | D:6      | Killed Maggie
  4853 | D:6      | Reached XP level 9. HP: 41/57 MP: 9/9
  5035 | D:6      | Reached skill level 1 in Polearms
  5191 | D:6      | Found Cas Fag's Antique Armour Shoppe.
  5233 | D:6      | Noticed Sigmund
  5248 | D:6      | Killed Sigmund
  5256 | D:6      | Found Pobb's Assorted Antiques.
  5757 | D:7      | Found Unnosaij's Distillery.
  5766 | D:7      | Bought a potion of heal wounds for 60 gold pieces
  5891 | D:7      | Found a staircase to the Ecumenical Temple.
  6204 | D:8      | Noticed a hornet
  6221 | D:7      | Killed a hornet
  6229 | D:8      | Reached skill level 5 in Polearms
  6253 | D:8      | Found a staircase to the Lair.
  6293 | Temple   | Entered the Ecumenical Temple
  6484 | Temple   | Became a worshipper of Warmaster Okawaru
  6513 | D:8      | Noticed Gastronok
  6522 | D:7      | Reached XP level 10. HP: 59/66 MP: 10/10
  6821 | D:7      | Reached * piety under Okawaru
  6929 | D:8      | Reached skill level 10 in Fighting
  7074 | D:8      | Reached ** piety under Okawaru
  7119 | D:8      | Killed Gastronok
  7306 | D:8      | Found a shimmering blue altar of Sif Muna.
  7550 | D:9      | Found a blossoming altar of Fedhas.
  7661 | D:9      | Found a staircase to the Orcish Mines.
  7690 | D:9      | Reached XP level 11. HP: 46/73 MP: 11/11
  7977 | D:9      | Found a shimmering altar of Xom.
  8187 | D:9      | Found a broken altar of Ashenzari.
  8387 | D:9      | Found a hide-covered altar of Uskayaw.
  8583 | D:9      | Found a runed translucent door.
  8584 | D:9      | Noticed flinch's ghost (novice DsCj)
  8711 | D:9      | Reached *** piety under Okawaru
  8898 | D:10     | Entered Level 10 of the Dungeon
  8930 | D:10     | Found a white marble altar of Elyvilon.
  8932 | D:10     | Noticed a two-headed ogre
  8942 | D:10     | Killed a two-headed ogre
  8943 | D:10     | Reached skill level 1 in Invocations
  9036 | D:10     | Identified the +1 ring mail of the Iron City of Dis
                  | {Will+++ MP+9 Str-2 Dex-4}
  9056 | D:10     | Found a stormy altar of Qazlal.
 10005 | D:11     | Reached skill level 10 in Polearms
 10015 | D:11     | Noticed a manticore
 10023 | D:11     | Killed a manticore
 10244 | D:11     | Noticed a tengu warrior
 10258 | D:11     | Killed a tengu warrior
 10258 | D:11     | Reached **** piety under Okawaru
 10284 | D:11     | Noticed a two-headed ogre
 10297 | D:11     | Killed a two-headed ogre
 10298 | D:11     | Reached skill level 5 in Invocations
 10330 | D:11     | Noticed a manticore
 10344 | D:11     | Killed a manticore
 10751 | D:12     | Noticed a two-headed ogre
 10762 | D:12     | Killed a two-headed ogre
 10762 | D:12     | Reached ***** piety under Okawaru
 10972 | D:12     | Noticed a six-headed hydra
 10986 | D:12     | Killed a six-headed hydra
 10987 | D:12     | Reached XP level 12. HP: 52/80 MP: 14/16
 11256 | D:12     | Received a gift from Okawaru
 11552 | D:12     | Noticed a boulder beetle
 11680 | D:12     | Killed a boulder beetle
 11706 | D:12     | Noticed Jorgrun
 11728 | D:12     | Killed Jorgrun
 12435 | D:12     | Noticed a death knight
 12450 | D:12     | HP: 2/80 [freezing wraith[a death knight] (11)]
 12450 | D:12     | Slain by a skeletal warrior

Illustrated notes

Levels and vault maps discovered:
D:1:      dpeg_arrival_erosion, layout_rooms
D:2:      layout_basic, minmay_joined_circles, uniq_jessica
D:3:      layout_basic, basic_ecumenical_altar
D:4:      cheibrodos_helix_gallery, layout_cave_pools, tso_oasis_becter,
          grunt_dithmenos_smoke, chequers_temple_overflow_minitemple, uniq_ijyb
D:5:      layout_loops_ring, lemuel_crystal_altar, minmay_misc_feat_ornament
D:6:      layout_rooms, serial_shops, shop, nicolae_shop_overgrown_old_shop,
          uniq_maggie, uniq_sigmund
D:7:      layout_cave_pools, minmay_temple_entry_drinking_statues, serial_shops,
          shop
D:8:      layout_rooms, nicolae_overflow_crystal_walls, minmay_lair_entry_grove,
          uniq_gastronok
D:9:      layout_basic, xom_teletrap_fun, ashenzari_conservatory_becter,
          fedhas_ov_isle_minmay, nicolae_uskayaw_suspiria, zombieorc2_lemuel,
          gammafunk_ghost_grave
D:10:     layout_basic, mainiacjoe_overflow_small_starburst,
          mainiacjoe_overflow_concentric_impassable, statue_in_the_mist_lemuel
D:11:     nicolae_cairo_tiling_large_dashed, layout_basic
D:12:     layout_stronghold, minmay_misc_feat_hallway, uniq_jorgrun
Temple:   pf_slimified_temple

Skill      XL: |  1  2  3  4  5  6  7  8  9 10 11 12 |
---------------+-------------------------------------+-----
Axes           | 2 |  2.7
Maces & Flails | 2 3 4 6 8 |  8.4
Fighting       | 4 5 6 7 9 10 11 | 11.1
Polearms       | 5 9 11 | 11.8
Invocations    | 6 8 |  8.8
Armour         | |  3.8
Shields        | |  3.8

Action                   |  1- 3 |  4- 6 |  7- 9 | 10-12 || total
-------------------------+-------+-------+-------+-------++-------
Melee: War axe           |    66 |       |       |       ||    66
       Whip              |    13 |   176 |   210 |       ||   399
       Lance             |       |       |   153 |   614 ||   767
Invok: Heroism           |       |       |       |     3 ||     3
       Finesse           |       |       |       |     1 ||     1
  Use: Potion            |       |       |     2 |     1 ||     3
       Scroll            |       |       |     5 |     9 ||    14
Armor: Scale mail        |    39 |    68 |    85 |       ||   192
       Acid dragon scale |       |       |    58 |   232 ||   290
Dodge: Dodged            |    37 |    30 |   115 |   188 ||   370
Block: Buckler           |    20 |    80 |   137 |   176 ||   413
       Reflection        |       |     3 |    10 |     4 ||    17

Table legend: (Time is in decaauts)
 A = Elapsed time spent in this place.
 B = Non-inter-level travel time spent in this place.
 C = Inter-level travel time spent in this place.
 D = Time resting spent in this place.
 E = Time spent auto-exploring this place.
 F = Levels seen in this place.
 G = Mean time per level.
                   A        B        C        D        E       F      G
               +--------+--------+--------+--------+--------+-----+--------+
         Total |  12153 |  11744 |    409 |   1163 |   8690 |  13 |  934.8 |
       Dungeon |  11944 |  11586 |    358 |   1163 |   8540 |  12 |  995.3 |
        Temple |    208 |    157 |     51 |      0 |    150 |   1 |  208.0 |
               +--------+--------+--------+--------+--------+-----+--------+

Top non-repeatable levels by time:
    D:12: 1643 daAuts
     D:9: 1301 daAuts
     D:5: 1301 daAuts
    D:10: 1008 daAuts
     D:1: 988 daAuts
     D:3: 922 daAuts
     D:7: 877 daAuts
     D:4: 843 daAuts
     D:8: 788 daAuts
     D:6: 778 daAuts
    D:11: 765 daAuts
     D:2: 725 daAuts
  Temple: 208 daAuts
